 Dungeon Crawl Stone Soup version 0.27.1-33-g824d729ab1 (webtiles) character file.

Game seed: 16676312175684928715

87 comborobin the Chopper (level 4, -6/37 HPs)
             Began as a Palentonga Gladiator on Dec 27, 2021.
             Mangled by Ceno's ghost (7 damage)
             ... on level 2 of the Dungeon.
             The game lasted 00:01:53 (2580 turns).

comborobin the Chopper (Palentonga Gladiator)       Turns: 2580, Time: 00:01:55

Health: -6/37      AC:  6    Str: 17    XL:     4   Next: 28%
Magic:  4/4        EV:  9    Int:  9    God:
Gold:   77         SH:  3    Dex: 12    Spells: 3/3 levels left

rFire    . . .     SeeInvis +   a - +0 war axe
rCold    . . .     Faith    .   k - +0 buckler
rNeg     . . .     Spirit   .   b - +0 leather armour
rPois    .         Reflect  .   c - +0 helmet
rElec    .         Harm     .   i - +0 cloak
rCorr    .         Rampage  .   (no gloves)
Will     .....                  (no barding)
Stlth    +.........             (no amulet)
HPRegen  0.12/turn              (no ring)
MPRegen  0.09/turn              (no ring)

@: no status effects
A: large, rugged brown scales 3, see invisible, deformed body, roll 1, armoured
tail
a: Rolling Charge


You were on level 2 of the Dungeon.
You visited 1 branch of the dungeon, and saw 3 of its levels.

You collected 77 gold pieces.

Inventory:

Hand Weapons
 a - a +0 war axe (weapon)
Missiles
 d - 3 throwing nets (quivered)
Armour
 b - a +0 leather armour (worn)
 c - a +0 helmet (worn)
 i - a +0 cloak (worn)
 k - a +0 buckler (worn)
Scrolls
 e - a scroll of identify
 j - 3 scrolls of teleportation
 l - a scroll of amnesia {unknown}
Potions
 f - a potion of cancellation
 g - a potion of flight
 h - a potion of brilliance


   Skills:
 + Level 3.5 Fighting
 - Level 4.0 Axes
 - Level 1.3 Throwing
 - Level 2.4 Dodging
 * Level 0.4 Shields


You had 3 spell levels left.
You didn't know any spells.
Your spell library contained the following spells:

 Spells                   Type           Power      Damage    Failure   Level
 Gell's Gravitas          Tloc           0%         N/A       92%         3
 Ozocubu's Armour         Ice            0%         N/A       92%         3
 Teleport Other           Tloc           0%         N/A       92%         3
 Metabolic Englaciation   Hex/Ice        0%         N/A       100%        5
 Dispersal                Tloc           0%         N/A       100%        6
 Simulacrum               Ice/Necr       0%         N/A       100%        6


Dungeon Overview and Level Annotations

Branches:
Dungeon (3/15)

Altars:
Fedhas
Beogh

Annotations:
D:2 Ceno's ghost, amateur KoHu


Innate Abilities, Weirdness & Mutations

You are completely covered in rugged brown scales. (AC +3, +7% HP)
You have supernaturally acute eyesight. (SInv)
Armour fits poorly on your strangely shaped body.
You can roll at nearby foes to attack.
You have a long armoured tail.


Message History

You barely miss the orc. You tail-slap the orc.
The orc is almost dead.
You block the orc's attack. The orc hits you with a +10 great mace!
You hit the orc but do no damage.
The orc is almost dead.
The orc hits you but does no damage.
You barely miss the orc.
The orc is almost dead.
The orc hits you with a +10 great mace.
You hit the orc.
You kill the orc!
Ceno's ghost wails, "You will never get the ORB!"
You slash the orc!
You kill the orc!
Ceno's ghost effortlessly reloads its weapon.
Press: ? - help, v - describe, . - travel
Here: Ceno's ghost A stone staircase leading down, spattered with blood.
A hobgoblin comes into view.
The hobgoblin shouts!
A goblin comes into view. It is wielding a +0 dagger.
The goblin shouts!
You hear a shout!
The hobgoblin hits you.
* * * LOW HITPOINT WARNING * * *
The hobgoblin hits you but does no damage.
There is an escape hatch in the ceiling here.
The hobgoblin hits you but does no damage.
Ceno's ghost closely misses you. A mysterious force pulls you upwards.
The hatch slams shut behind you.
You closely miss the hobgoblin.
Your tail-slap misses the hobgoblin.
You hit Ceno's ghost.
The hobgoblin hits you but does no damage.
Ceno's ghost closely misses you. The hobgoblin barely misses you.
Your leather armour prevents you from hitting the hobgoblin.
You tail-slap the hobgoblin, but do no damage.
You hit Ceno's ghost. Ceno's ghost hits you!
* * * LOW HITPOINT WARNING * * *
The hobgoblin hits you but does no damage.
Ceno's ghost hits you!
You die...

#.......# #.#
#######.#####.#
#.# #<......#
#.# #.#
######### #.#
#.# #.# #.# #.#
#.# #.# #.#
#W###(# #@g...#
#######


You could see Ceno's ghost and a hobgoblin.

Vanquished Creatures
  2 adders
  2 worms (D:1)
  2 dart slugs (D:1)
  5 orcs (D:3)
  3 bats
  8 endoplasms
  4 giant cockroaches (D:1)
  2 goblins
  4 hobgoblins (D:1)
  3 jackals
  4 ball pythons
  2 frilled lizards (D:1)
  2 kobolds
  10 rats
53 creatures vanquished.

Notes
Turn   | Place    | Note
-------+----------+-------------------------------------------
     0 | D:1      | comborobin the Palentonga Gladiator began the quest for the
                  | Orb.
     0 | D:1      | Reached XP level 1. HP: 17/17 MP: 1/1
     2 | D:1      | Found a runed translucent door.
   284 | D:1      | Reached XP level 2. HP: 16/23 MP: 2/2
   517 | D:1      | Found a faded altar of an unknown god.
   709 | D:1      | Reached skill level 4 in Axes
   896 | D:1      | Reached XP level 3. HP: 22/28 MP: 3/3
  1394 | D:2      | Found a blossoming altar of Fedhas.
  2354 | D:3      | Reached XP level 4. HP: 37/37 MP: 4/4
  2514 | D:3      | Found a runed translucent gate.
  2522 | D:3      | Found a runed translucent gate.
  2522 | D:3      | Found a runed translucent gate.
  2524 | D:3      | Noticed Ceno's ghost (amateur KoHu)
  2548 | D:3      | Identified the +6 scale mail "Vaabru" {Fly Str+4 Int+3}
  2580 | D:2      | HP: 1/37 [Ceno's ghost (11)]
  2580 | D:2      | Mangled by Ceno's ghost

Illustrated notes

Levels and vault maps discovered:
D:1:      dpeg_arrival_caged_fury, layout_loops_ring,
          ebering_ecumenical_altar_webs, skrybe_limestone_x
D:2:      layout_basic, basic_altar, minmay_indecisive_spiral
D:3:      layout_loops_ring, biasface_ghost_orc_armoury

Skill      XL: |  1  2  3 |
---------------+----------+-----
Axes           | 4 |  4.0
Fighting       | 3 |  3.5
Throwing       | |  1.3
Dodging        | |  2.4
Shields        | |  0.4

Action                   |  1- 3 |  4- 6 || total
-------------------------+-------+-------++-------
Melee: War axe           |   108 |    17 ||   125
       Tailslap          |    11 |     3 ||    14
  Use: Scroll            |     5 |       ||     5
Armor: Leather armour    |    60 |     7 ||    67
Dodge: Dodged            |    67 |     6 ||    73
Block: Buckler           |       |     1 ||     1
